 Dungeon Crawl Stone Soup version 0.21-a0-260-g9b2435e (webtiles) character file.

3686 sveltemanboy the Martial Artist (level 9, 0/69 HPs)
             Began as a Demonspawn Monk on Sept 7, 2017.
             Was a Priest of Okawaru.
             Killed by divine providence
             ... invoked by an orc priest
              (16 damage)
             ... on level 8 of the Dungeon.
             The game lasted 00:20:14 (8895 turns).

sveltemanboy the Martial Artist (Demonspawn Monk)   Turns: 8895, Time: 00:20:14

Health: 0/69       AC:  8    Str: 19    XL:     9   Next: 90%
Magic:  12/14      EV: 16    Int: 15    God:    Okawaru [***...]
Gold:   152        SH:  0    Dex: 14    Spells: 8/8 levels left

rFire    x . .     SeeInvis +     - Unarmed
rCold    + + +     Gourm    .   (no shield)
rNeg     . . .     Faith    +   G - +0 ring mail of the Merchant {rPois rC++ rCorr Dex-2}
rPois    +         Spirit   .   e - +2 hat
rElec    .         Reflect  .   u - +1 cloak {MR+}
rCorr    +         Harm     .   (gloves unavailable)
MR       +....                  (no boots)
Stlth    +++.......             m - amulet of faith
HPRegen  0.21/turn              k - ring of ice
MPRegen  0.14/turn              x - +3 ring of intelligence

@: mighty, heroism, drained
A: antennae 1, beak, claws 3, talons 1, see invisible, deformed body, demonic
guardian 1, high mp 1, robust 1, MP-powered wands
a: Heroism, Renounce Religion


You were on level 8 of the Dungeon.
You worshipped Okawaru.
Okawaru was most pleased with you.
You were not hungry.

You visited 2 branches of the dungeon, and saw 9 of its levels.

You collected 411 gold pieces.
You spent 259 gold pieces at shops.

Inventory:

Armour
 e - a +2 hat (worn)
 u - a +1 cloak of magic resistance (worn)
 G - the +0 ring mail of the Merchant (worn) {rPois rC++ rCorr Dex-2}
   (You found it on level 7 of the Dungeon)

   It affects your dexterity (-2).
   It greatly protects you from cold.
   It protects you from poison.
   It protects you from acid and corrosion.
Jewellery
 k - a ring of ice (left claw)
 m - an amulet of faith (around neck)
 r - an uncursed amulet of guardian spirit {unknown}
 x - a +3 ring of intelligence (right claw)
Wands
 t - a wand of flame (24/48)
 C - a wand of disintegration (3/24)
 F - a wand of random effects (24/48)
Scrolls
 f - 4 scrolls of teleportation
 g - 6 scrolls of identify {unknown}
 j - 2 scrolls of noise {unknown}
 n - a scroll of fear {unknown}
 q - 4 scrolls of recharging {unknown}
 s - 2 scrolls of amnesia {unknown}
 w - a scroll of blinking {unknown}
 y - a scroll of enchant armour {unknown}
 D - a scroll of random uselessness {unknown}
Potions
 a - a potion of might
 b - a potion of magic {unknown}
 h - a potion of brilliance {unknown}
 l - 5 potions of curing {unknown}
 v - a potion of haste {unknown}
 z - a potion of invisibility {unknown}
 A - a potion of degeneration {unknown}
 B - a potion of flight {unknown}
 E - 3 potions of lignification {unknown}
Comestibles
 c - 7 bread rations
 i - 7 fruits
 o - 5 meat rations
 p - 4 royal jellies
 H - a chunk of flesh


   Skills:
 - Level 3.0(7.6) Fighting
   Level 3.0(7.6) Axes
 - Level 4.0(8.6) Armour
 - Level 4.0(8.6) Dodging
 - Level 1.7(6.4) Stealth
 * Level 11.0(15.5) Unarmed Combat
 - Level 5.8(5.4) Invocations


You had 8 spell levels left.
You didn't know any spells.

Dungeon Overview and Level Annotations

Branches:
Dungeon (8/15)             Temple (1/1) D:4
   Lair: D:8-11

Altars:
Ashenzari
Cheibriados
Dithmenos
Elyvilon
Fedhas
Gozag
Hepliaklqana
Kikubaaqudgha
Makhleb
Nemelex Xobeh
Okawaru
Qazlal
Ru
Sif Muna
Trog
Uskayaw
Vehumet
Wu Jian
Xom
Yredelemnul
Zin
The Shining One

Shops:
D:5 *   D:7 :   D:8 *:


Innate Abilities, Weirdness & Mutations

You have a pair of small antennae on your head.
You have claws for hands.
You have sharp toenails.
A weak demonic guardian rushes to your aid.
You have a beak for a mouth.
You have supernaturally acute eyesight. (SInv)
Armour fits poorly on your strangely shaped body.
You have an increased reservoir of magic. (+10% MP)
You are robust. (+10% HP)
You expend magic power (3 MP) to strengthen your wands.


Message History

The orc priest looks satisfied for a moment.
The hell rat bites you!
* * * LOW HITPOINT WARNING * * *
You feel drained.
* * * LOW HITPOINT WARNING * * *
You gain the combat prowess of a mighty hero.
The hell rat bites you but does no damage.
You mangle the hell rat!!
You kill the hell rat!
Your base Unarmed Combat skill increases to level 11!
You completely miss the orc. Your kick misses the orc. You peck the orc.
The orc is lightly wounded.
You scratch the orc. You peck the orc.
You kill the orc!
Okawaru accepts your kill.
You mangle the orc!!
You kill the orc!
The orc priest calls down the wrath of Beogh upon you.
Beogh smites you!
You die...

#####......#.#.#..........#.#.###
....#........#.############.#....
...>.........(.))))(..........{..
..#.):.........########'###.#####
#...÷>....###### #....##.#....
###.####### #....##.#.#..
...######### #....##.#.#..
##..........###########'###.#.#..
#..........o.r)@................
#.#..≈.)..o############.##.#[#..
......o.#### #.##.#.#..
......r..# #.##.#.### .≈........#
##########..#.#.... ...........#
#........##.#.#####
............##........##...#
..........%..#.............#
.............#######.......#


You could see an orc priest, an orc and a quokka.

Vanquished Creatures
  Joseph (D:8)
  Prince Ribbit (D:6)
  Sigmund (D:6)
  Grum (D:8)
  A porcupine (D:8)
  An orc warrior (D:8)
  A phantom (D:5)
  2 necrophages
  3 ogres
  4 wolves (D:8)
  A centaur (D:7)
  A big kobold (D:8)
  4 bullfrogs
  A wyvern zombie (D:6)
  3 wights (D:8)
  A howler monkey (D:8)
  4 crimson imps
  A hound (D:7)
  6 orc priests
  Ijyb (D:5)
  An iguana (D:4)
  7 worker ants
  6 orc wizards
  A hell rat (D:8)
  A worker ant zombie (D:8)
  6 adders
  2 shadow imps
  An adder skeleton (D:5)
  2 dart slugs (D:2)
  3 worms
  7 leopard geckos
  28 orcs
  3 giant cockroaches
  12 goblins
  5 hobgoblins
  9 jackals
  4 quokkas
  A ball python (D:3)
  5 bats
  5 frilled lizards
  14 kobolds
  2 leopard gecko skeletons
  11 rats
175 creatures vanquished.

Vanquished Creatures (collateral kills)
  Grinder (D:4)
  Menkaure (D:6)
  An ogre (D:8)
  A centaur (D:5)
  An orc priest (D:8)
  Crazy Yiuf (D:3)
  A worker ant (D:4)
  An adder (D:7)
  An orc (D:4)
9 creatures vanquished.

Grand Total: 184 creatures vanquished

Notes
Turn   | Place    | Note
-------+----------+-------------------------------------------
     0 | D:1      | sveltemanboy the Demonspawn Monk began the quest for the Orb.
     0 | D:1      | Reached XP level 1. HP: 18/18 MP: 1/1
   303 | D:1      | Gained mutation: You have sharp fingernails. [demonic ancestry]
   303 | D:1      | Reached XP level 2. HP: 23/24 MP: 2/2
   470 | D:1      | Reached skill level 1 in Armour
   510 | D:1      | Reached skill level 1 in Unarmed Combat
  1146 | D:2      | Reached XP level 3. HP: 29/29 MP: 3/3
  1371 | D:2      | Reached skill level 2 in Unarmed Combat
  1800 | D:2      | Reached XP level 4. HP: 32/35 MP: 4/4
  2034 | D:2      | Found a glowing silver altar of Zin.
  2479 | D:3      | Reached skill level 3 in Unarmed Combat
  2488 | D:3      | Gained mutation: A weak demonic guardian rushes to your aid. [demonic ancestry]
  2488 | D:3      | Reached XP level 5. HP: 36/41 MP: 5/5
  3151 | D:3      | Found a glowing golden altar of the Shining One.
  3446 | D:3      | Found a runed door.
  3528 | D:3      | Noticed Crazy Yiuf
  3538 | D:3      | Killed Crazy Yiuf
  4022 | D:4      | Noticed a necrophage
  4033 | D:4      | Reached skill level 4 in Unarmed Combat
  4033 | D:4      | Gained mutation: You have sharp toenails. [demonic ancestry]
  4033 | D:4      | Reached XP level 6. HP: 47/47 MP: 6/6
  4157 | D:4      | Noticed Grinder
  4176 | D:4      | Killed Grinder
  4376 | D:4      | Gained mutation: You have very sharp fingernails. [demonic ancestry]
  4376 | D:4      | Reached XP level 7. HP: 52/52 MP: 7/7
  4496 | D:4      | Reached skill level 5 in Unarmed Combat
  4617 | D:4      | Found a staircase to the Ecumenical Temple.
  4621 | Temple   | Entered the Ecumenical Temple
  5189 | D:5      | Entered Level 5 of the Dungeon
  5268 | D:5      | Found Fuet Ser's Assorted Antiques.
  5279 | D:5      | Bought a metallic orange potion for 22 gold pieces
  5279 | D:5      | Bought a blue potion for 22 gold pieces
  5279 | D:5      | Bought a scroll labeled SOZOEDE AKLUL for 25 gold pieces
  5279 | D:5      | Bought a dark potion for 22 gold pieces
  5279 | D:5      | Bought a scroll labeled XUSI JEIDGHEBOL for 25 gold pieces
  5554 | D:5      | Noticed Ijyb
  5565 | D:5      | Killed Ijyb
  5565 | D:5      | Reached skill level 6 in Unarmed Combat
  6294 | D:6      | Noticed Menkaure
  6302 | D:6      | Killed Menkaure
  6302 | D:6      | Gained mutation: You have claws for hands. [demonic ancestry]
  6302 | D:6      | Reached XP level 8. HP: 48/58 MP: 8/8
  6347 | D:6      | Reached skill level 7 in Unarmed Combat
  6610 | D:6      | Noticed Prince Ribbit
  6643 | D:6      | Killed Prince Ribbit
  6795 | D:6      | Noticed Sigmund
  6812 | D:6      | Killed Sigmund
  6812 | D:6      | Reached skill level 8 in Unarmed Combat
  6855 | D:6      | Found a stormy altar of Qazlal.
  6865 | D:6      | Found an opulent altar of Gozag.
  7089 | D:6      | Found an ancient bone altar of Kikubaaqudgha.
  7307 | D:7      | Reached skill level 9 in Unarmed Combat
  7594 | D:7      | Gained mutation: You have a pair of small antennae on your head. [demonic ancestry]
  7594 | D:7      | Reached XP level 9. HP: 63/63 MP: 9/9
  7611 | D:7      | Got a shimmering ring mail
  7622 | D:7      | Identified the +0 ring mail of the Merchant {rPois rC++ rCorr Dex-2} (You found it on level 7 of the Dungeon)
  7643 | D:7      | Found an iron altar of Okawaru.
  7650 | D:7      | Became a worshipper of Warmaster Okawaru
  7650 | D:7      | Reached * piety under Okawaru
  7650 | D:7      | Reached ** piety under Okawaru
  7751 | D:7      | Reached skill level 1 in Invocations
  7767 | D:7      | Found a white marble altar of Elyvilon.
  7807 | D:7      | Found Yzybyerr's Book Emporium.
  8047 | D:8      | Noticed Joseph
  8066 | D:8      | Killed Joseph
  8066 | D:8      | Reached skill level 10 in Unarmed Combat
  8362 | D:8      | Found Idageihu's General Store.
  8370 | D:8      | Bought a potion of mutation for 104 gold pieces
  8370 | D:8      | Bought a scroll of teleportation for 39 gold pieces
  8370 | D:8      | Gained mutation: Armour fits poorly on your strangely shaped body. [potion of mutation]
  8370 | D:8      | Gained mutation: Your flesh is heat resistant. (rF+) [potion of mutation]
  8370 | D:8      | Gained mutation: You are clumsy. (Dex -2) [potion of mutation]
  8370 | D:8      | Gained mutation: You are robust. (+10% HP) [potion of mutation]
  8371 | D:8      | Lost mutation: Your flesh is heat resistant. (rF+) [potion of mutation]
  8371 | D:8      | Lost mutation: You are clumsy. (Dex -2) [potion of mutation]
  8371 | D:8      | Gained mutation: You have an increased reservoir of magic. (+10% MP) [potion of mutation]
  8371 | D:8      | Gained mutation: You have supernaturally acute eyesight. (SInv) [potion of mutation]
  8371 | D:8      | Gained mutation: You expend magic power (3 MP) to strengthen your wands. [potion of mutation]
  8371 | D:8      | Gained mutation: You have a beak for a mouth. [potion of mutation]
  8399 | D:8      | Found Jaunoud's Book Shoppe.
  8457 | D:8      | Noticed Grum
  8463 | D:8      | Reached *** piety under Okawaru
  8476 | D:8      | Killed Grum
  8476 | D:8      | Reached skill level 5 in Invocations
  8754 | D:8      | Found a sacrificial altar of Ru.
  8756 | D:8      | Found a basalt altar of Yredelemnul.
  8838 | D:8      | Reached **** piety under Okawaru
  8892 | D:8      | Reached skill level 11 in Unarmed Combat
  8895 | D:8      | Killed from afar by an orc priest

Vault maps used:
D:1:      evilmike_arrival_hilbert_curve, st_stairs_11, roderic_st_hans_cross,
          kennysheep_another_room
D:2:      zin_scriptorium, first_bread
D:3:      lemuel_doored_altar, uniq_crazy_yiuf_cottage
D:4:      minmay_temple_entry_butterflies, uniq_grinder
D:5:      serial_shops, nicolae_shop_crystal, uniq_ijyb
D:6:      kiku_gazebo_garden_becter, grunt_temple_overflow_open,
          nicolae_lava_and_water, uniq_prince_ribbit1, uniq_sigmund,
          uniq_menkaure
D:7:      lemuel_round_altar, serial_shops, nicolae_shop_statue_plus,
          elyvilon_altar_4
D:8:      kennysheep_orc_sif_temple, gammafunk_temple_overflow_statue,
          dpeg_lair_monsters, serial_shops, shop, shop, shop, uniq_joseph,
          uniq_grum
Temple:   nicolae_temple_great_sept

Skill      XL: |  1  2  3  4  5  6  7  8  9 |
---------------+----------------------------+-----
Axes           | 3 |  3.0
Armour         | 1 2 3 4 |  4.0
Unarmed Combat | 1 2 3 4 6 9 11 | 11.0
Dodging        | 3 4 |  4.0
Invocations    | 5 |  5.8
Fighting       | |  3.0
Stealth        | |  1.7

Action                   |  1- 3 |  4- 6 |  7- 9 || total
-------------------------+-------+-------+-------++-------
Melee: Hand axe          |    21 |       |       ||    21
       Unarmed           |   131 |   230 |   313 ||   674
       Punch             |     1 |     2 |     5 ||     8
       Kick              |       |     5 |    75 ||    80
       Peck              |       |       |     6 ||     6
Invok: Heroism           |       |       |     4 ||     4
  Use: Potion            |       |     1 |     4 ||     5
 Stab: Sleeping          |     2 |       |       ||     2
       Distracted        |       |     1 |     1 ||     2
  Eat: Chunk             |     3 |     8 |    15 ||    26
Armor: Robe              |     6 |       |       ||     6
       Scale mail        |    38 |    28 |       ||    66
       Ring mail         |     3 |       |    21 ||    24
       Chain mail        |       |    73 |    95 ||   168
Dodge: Dodged            |    76 |    95 |   100 ||   271

Table legend:
 A = Spawn XP
 B = Non-spawn XP
 C = Spawn XP percentage of total XP
 D = Spawn monster count
 E = Non-spawn monster count
 F = Spawn count percentage of total count
 G = Total turns spent on level
                    A         B        C        D         E        F      G
               +---------+---------+-------+---------+---------+-------+---------
         Total |       0 |    5267 |   0.0 |       0 |     184 |   0.0 |  8895
               +---------+---------+-------+---------+---------+-------+---------
           D:1 |       0 |      33 |   0.0 |       0 |      19 |   0.0 |  1102
           D:2 |       0 |      84 |   0.0 |       0 |      25 |   0.0 |  1078
           D:3 |       0 |     250 |   0.0 |       0 |      39 |   0.0 |  1789
           D:4 |       0 |     660 |   0.0 |       0 |      21 |   0.0 |  1153
           D:5 |       0 |     388 |   0.0 |       0 |      12 |   0.0 |  1085
           D:6 |       0 |     950 |   0.0 |       0 |      13 |   0.0 |   955
           D:7 |       0 |     878 |   0.0 |       0 |      19 |   0.0 |   762
           D:8 |       0 |    2024 |   0.0 |       0 |      36 |   0.0 |   885
               +---------+---------+-------+---------+---------+-------+---------
